 Dungeon Crawl Stone Soup version 0.18.1-50-g88ac8fd (webtiles) character file.

102 DungeonMaster the Magician (level 4, -7/27 HPs)
             Began as an Octopode Wizard on Sept 16, 2016.
             Mangled by Lovchig's ghost (19 damage)
             ... on level 4 of the Dungeon.
             The game lasted 00:05:19 (2738 turns).

DungeonMaster the Magician (Octopode Wizard)        Turns: 2738, Time: 00:05:19

Health: -7/27      AC:  1    Str:  6    XL:     4   Next: 77%
Magic:  10/10      EV: 12    Int: 21    God:
Gold:   22         SH:  0    Dex: 10    Spells: 3 memorised, 6 levels left

rFire  . . .     SeeInvis .     a - +1 mace
rCold  . . .     Gourm    .     (no shield)
rNeg   . . .     Faith    .     f - +0 hat
rPois  .         Spirit   .     (no amulet)
rElec  .         Dismiss  .     (no ring)
rCorr  .         Reflect  .     (no ring)
SustAt .         Harm     .     (no ring)
MR     .....                    (no ring)
Stlth  +++.......               (no ring)
                                (no ring)
                                (no ring)
                                (no ring)

@: repel missiles, not resistant to hostile enchantments, fairly stealthy
A: almost no armour, amphibious, 8 rings, constrict 8, camouflage 1, gelatinous
body 1
a: no special abilities


You were on level 4 of the Dungeon.
You were not hungry.

You visited 1 branch of the dungeon, and saw 4 of its levels.

You collected 22 gold pieces.

Inventory:

Hand Weapons
 a - a +1 mace (weapon)
 j - a +0 trident
Missiles
 e - 61 stones (quivered)
 i - 106 arrows
 m - 16 sling bullets
 n - 56 bolts
 o - 23 poisoned needles
Armour
 f - a +0 hat (worn)
Scrolls
 p - 2 scrolls of amnesia
Potions
 d - a potion of agility {unknown}
 h - 2 potions of heal wounds
 k - 2 potions of curing {unknown}
 l - a potion of cancellation {unknown}
Books
 b - a book of Minor Magic

   Spells                             Type                      Level
   a - Magic Dart                     Conjuration                  1
   b - Blink                          Translocation                2
   c - Call Imp                       Summoning                    2
   d - Repel Missiles                 Charms/Air                   2
   e - Slow                           Hexes                        2
   f - Conjure Flame                  Conjuration/Fire             3
   g - Mephitic Cloud                 Conjuration/Poison/Air       3
Comestibles
 c - 3 bread rations
 g - 2 meat rations
 q - 5 chunks of flesh


   Skills:
 - Level 2.0 Dodging
 - Level 2.6 Stealth
 * Level 4.1 Spellcasting
 * Level 3.1 Conjurations
   Level 1.0 Summonings
 - Level 1.0 Translocations


You had 6 spell levels left.
You knew the following spells:

 Your Spells              Type           Power        Failure   Level  Hunger
a - Magic Dart            Conj           ###.         3%          1    None
b - Blink                 Tloc           N/A          12%         2    #......
c - Repel Missiles        Chrm/Air       #.....       17%         2    #......


Dungeon Overview and Level Annotations

Branches:
Dungeon (4/15)
 Temple: D:4-7

Altars:

Annotations:
D:2 Terence
D:3 DungeonMaster's ghost, amateur OpWz; Natasha
D:4 Lovchig's ghost, amateur DDFi


Innate Abilities, Weirdness & Mutations

You cannot wear most types of armour.
You are amphibious.
You can wear up to eight rings at the same time.
You can use your tentacles to constrict eight enemies at once.
Your skin changes colour to match your surroundings (Stealth).
Your rubbery body absorbs attacks (AC +1).


Message History

Confirm with . or Enter, or press ? or * to list all spells.
Aiming: Magic Dart
Press: ? - help, Shift-Dir - straight line, f/p - ball python
Aim: a ball python (moderately wounded)
The magic dart hits the ball python.
The ball python is heavily wounded.
Unknown command.
Casting: Magic Dart
Confirm with . or Enter, or press ? or * to list all spells.
Aiming: Magic Dart
Press: ? - help, Shift-Dir - straight line, f/p - ball python
Aim: a ball python (heavily wounded)
The magic dart hits the ball python.
You kill the ball python!
Lovchig's ghost (amateur Deep Dwarf Fighter) comes into view.
Lovchig's ghost hits you!
Ouch! That really hurt!
Lovchig's ghost hits you!!
Ouch! That really hurt!
You die...

#. W. ..
#.. .# ..#
.##.. ...$
###..#
##.#..#.##.
#..W.......
#.@#......#
#..#...=.#.
######..#..
##... %# #


You could see Lovchig's ghost.

Vanquished Creatures
  An orc priest (D:3)
  4 adders (D:2)
  2 worms (D:2)
  2 giant geckos (D:2)
  An orc (D:3)
  3 bats (D:2)
  A giant cockroach (D:2)
  4 goblins
  2 hobgoblins
  A kobold (D:1)
  2 ball pythons
  2 giant newts
  5 rats (D:2)
30 creatures vanquished.

Notes
Turn   | Place    | Note
--------------------------------------------------------------
     0 | D:1      | DungeonMaster the Octopode Wizard began the quest for the Orb.
     0 | D:1      | Reached XP level 1. HP: 11/11 MP: 4/4
   737 | D:2      | Reached XP level 2. HP: 17/17 MP: 3/6
   818 | D:2      | Learned a level 2 spell: Blink
   821 | D:2      | Learned a level 2 spell: Repel Missiles
  1017 | D:2      | Noticed Terence
  1119 | D:2      | Reached XP level 3. HP: 21/21 MP: 3/7
  1208 | D:2      | Found a faded altar to an unknown god.
  2363 | D:2      | Reached XP level 4. HP: 27/27 MP: 3/9
  2570 | D:3      | Noticed Natasha
  2628 | D:3      | Reached skill level 4 in Spellcasting
  2676 | D:3      | Noticed DungeonMaster's ghost (amateur OpWz)
  2713 | D:4      | Noticed Lovchig's ghost (amateur DDFi)
  2738 | D:4      | Mangled by Lovchig's ghost

Skill      XL: |  1  2  3  4 |
---------------+-------------+-----
Conjurations   | 2 3 |  3.1
Spellcasting   | 4 |  4.1
Dodging        | |  2.0
Stealth        | |  2.6
Summonings     | |  1.0
Translocations | |  1.0

Action                   |  1- 3 |  4- 6 || total
-------------------------+-------+-------++-------
Melee: Mace              |     3 |       ||     3
       Constrict         |     2 |       ||     2
 Cast: Magic Dart        |    57 |    17 ||    74
       Repel Missiles    |     1 |       ||     1
  Use: Scroll            |     6 |     1 ||     7
  Eat: Chunk             |     4 |     1 ||     5
Dodge: Dodged            |     8 |       ||     8
